AoeStats
← Ferude8997

MegaRandom

503463138Analyzed
1v1 RM · 1mo ago on Aug 31, 2026· 53m 14s· 2 players
Game mode
Random Map
Map size
Tiny (2 player)
Population
200
Speed
Normal
Resources
Standard
Victory
Conquest
Starting age
Dark Age
Ending age
Imperial Age
RankedLock teamsTeams togetherTeam positionsShared explorationLock speedFull tech treeHidden civsTurbo modeCheats
Victory
Defeat
🇪🇸 Celts · Spain
618
+13
🇦🇷 Spanish · Argentina
546
-25
Ferude8997
8:25 Loom
12:34 Feudal Age
14:00 Fishing Lines
18:30 Castle Age
17:21 Gold Mining
17:22 Stone Mining
17:26 Double-Bit Axe
18:20 Man-at-Arms
20:07 Wheelbarrow
19:22 Town Watch
20:57 Bow Saw
21:12 Gambesons
22:50 Horse Collar
23:03 Pikeman
26:48 Long Swordsman
32:39 Fervor
35:44 Ballistics
37:19 Hand Cart
40:34 Imperial Age
38:22 Arson
38:38 Squires
39:56 Inquisition
40:55 Two-Handed Swordsman
42:53 Champion
45:55 Scale Mail Armor
46:08 Forging
46:16 Bloodlines
45:28 Cavalier
45:36 Light Cavalry
48:04 Conscription
48:56 Block Printing
49:26 Theocracy
49:15 Redemption
48:49 Paladin
52:52 Elite Skirmisher
53:38 Thumb Ring
52:54 Heavy Cavalry Archer
Raisan
12:37 Feudal Age
13:11 Horse Collar
13:18 Double-Bit Axe
19:12 Castle Age
26:21 Bow Saw
27:12 Heavy Plow
34:21 Imperial Age
31:17 Pikeman
33:46 Wheelbarrow
34:40 Gold Mining
34:23 Onager
35:52 Siege Engineers
36:10 Ballistics
35:31 Treadmill Crane
35:47 Murder Holes
37:34 Conscription
38:38 Halberdier
40:49 Siege Onager
42:15 Gold Shaft Mining
45:34 Furor Celtica
Connection lost

Rejoining the realm…

Still unreachable

The connection could not be restored.

Session expired

The server has moved on; the page needs a fresh start.